AoeStats
← blb_00

Glade

510281627Analyzed
1v1 RM · 23h ago on Sep 30, 2026· 34m 45s· 2 players
Game mode
Random Map
Map size
Tiny (2 player)
Population
200
Speed
Normal
Resources
Standard
Victory
Conquest
Starting age
Dark Age
Ending age
Imperial Age
RankedLock teamsTeams togetherTeam positionsShared explorationLock speedFull tech treeHidden civsTurbo modeCheats
Victory
Defeat
🇪🇸 Spanish · Spain
733
+16
🇧🇷 Malay · Brazil
737
-16
blb_00
0:58 Loom
11:03 Feudal Age
11:45 Double-Bit Axe
12:50 Wheelbarrow
12:13 Horse Collar
19:21 Gold Mining
19:24 Stone Mining
21:52 Castle Age
23:45 Hand Cart
25:49 Stone Shaft Mining
28:26 Fletching
29:32 Bodkin Arrow
29:43 Scale Barding Armor
30:23 Bow Saw
31:05 Heavy Plow
31:23 Forging
PNLN Xavante
10:48 Feudal Age
10:27 Double-Bit Axe
10:30 Loom
11:45 Gold Mining
14:14 Horse Collar
21:05 Castle Age
19:13 Fletching
22:30 Bow Saw
24:33 Wheelbarrow
24:43 Padded Archer Armor
25:14 Heavy Plow
25:56 Crossbowman
29:17 Murder Holes
29:34 Town Watch
30:45 Ballistics
30:26 Stone Mining
31:27 Forging
33:25 Squires
Connection lost

Rejoining the realm…

Still unreachable

The connection could not be restored.

Session expired

The server has moved on; the page needs a fresh start.